 Dungeon Crawl Stone Soup version 0.30-b1-2-g02819fbbbe (webtiles) character file.

Game seed: 8948909404426503119

89 Arcadio the Ducker (level 4, -8/52 HPs)
             Began as a Merfolk Artificer on May 14, 2023.
             Killed by divine providence
             ... invoked by an orc priest
              (15 damage)
             ... on level 4 of the Dungeon.
             The game lasted 00:05:59 (2712 turns).

Arcadio the Ducker (Merfolk Artificer)              Turns: 2712, Time: 00:05:59

Health: -8/52      AC: 22    Str: 12 (14) XL:     4   Next: 55%
Magic:  4/4        EV:  2    Int:  7 (10) God:
Gold:   201        SH:  0    Dex: 18 (20) Spells: 3/3 levels left

rFire   . . .        g - +1 dagger
rCold   . . .        (no shield)
rNeg    . . .        b - melded +0 leather armour
rPois   +            (helmet currently unavailable)
rElec   .            (cloak currently unavailable)
rCorr   .            (gloves currently unavailable)
SInv    .            (boots currently unavailable)
Will    .....        (no amulet)
Stlth   ++           h - +6 ring of dexterity
HPRegen 0.28/turn    (no ring)
MPRegen 0.09/turn

%: no passive effects
@: tree-form, unable to drink
A: stationary, stasis, torment immunity, boosted hp, (nimble swimmer 2),
(mertail), deterioration 1, (fire resistance 1), inability to drink after injury
1
a: no special abilities


You were on level 4 of the Dungeon.
You were a tree.
You visited 1 branch of the dungeon, and saw 4 of its levels.

You collected 201 gold pieces.

Inventory:

Hand Weapons
 a - a +0 club
 g - a +1 dagger (weapon)
Armour
 b - a +0 leather armour (melded)
Jewellery
 h - a +6 ring of dexterity (left branch)
Wands
 c - a wand of flame (15) (quivered)
 d - a wand of charming (15)
 e - a wand of iceblast (5)
Scrolls
 i - a scroll of teleportation
 j - a scroll of enchant weapon
 l - a scroll of enchant armour
 r - a scroll of identify
Potions
 f - 2 potions of degeneration
 k - a potion of curing
 m - a potion of haste
 n - a potion of mutation


   Skills:
 + Level 3.3 Fighting
 - Level 0.6 Armour
 + Level 4.7 Dodging
 - Level 1.1 Stealth
 - Level 3.0 Evocations


You had 3 spell levels left.
You didn't know any spells.
Your spell library contained the following spells:

 Spells                   Type           Power      Damage    Failure   Level
 Vhi's Electric Charge    Tloc/Air       0%         N/A       80%         3
 Arcjolt                  Conj/Air       0%         1d10      100%        5
 Maxwell's Capacitive Co  Air            0%         ∞         100%        8


Dungeon Overview and Level Annotations

Branches:
Dungeon (4/15) Zot: 21290
 Temple: D:4-7

Altars:


Innate Abilities, Weirdness & Mutations

You are a tree.
Your roots penetrate the ground, keeping you stationary.
You cannot be teleported.
You are immune to unholy pain and torment.
Your maximum health is greatly increased.
Your equipment is partially melded.
((You are very nimble when in or above water. (Stealth+, EV+, Speed+++)))
((Your lower body shifts to a powerful aquatic tail in water.))
Your body sometimes deteriorates upon taking damage.
((Your flesh is heat resistant. (rF+)))
You occasionally lose the ability to drink potions when taking damage.


Message History

You feel a bit more experienced.
Things that are here:
a +0 hand axe; an orc corpse It was a potion of degeneration.
There was something very wrong with that liquid.
You feel weakened.
You feel dopey.
You feel clumsy.
It was a potion of curing.
You feel better.
The orc priest invokes the aid of Beogh against you.
Pain shoots through your body!
* * * LOW HITPOINT WARNING * * *
It was a potion of mutation.
You feel extremely strange.
You feel resistant to heat.
You occasionally lose the ability to drink potions when taking damage.
You feel yourself wasting away.
The orc priest hits you but does no damage.
It was a potion of lignification.
You turn into a tree.
Your +0 leather armour melds into your body.
Your roots penetrate the ground.
The orc priest hits you but does no damage.
You hit the orc priest but do no damage.
The orc priest hits you but does no damage.
You hit the orc priest but do no damage.
The orc priest hits you but does no damage.
You hit the orc priest but do no damage.
The orc priest hits you but does no damage.
You hit the orc priest but do no damage.
The orc priest hits you but does no damage.
You hit the orc priest but do no damage.
The orc priest hits you but does no damage.
You hit the orc priest but do no damage.
The orc priest hits you but does no damage.
You barely miss the orc priest. The orc priest barely misses you.
You hit the orc priest but do no damage.
The orc priest hits you with a +0 club.
* * * LOW HITPOINT WARNING * * *
You hit the orc priest but do no damage.
The orc priest mumbles some strange prayers to Beogh against you.
Beogh smites you!
You feel threatened and lose the ability to drink potions!
You die...

.## ..# #.# #.#
#.# #.# #.# #.#
#.# #.# #o# #.#
#♣# #.# #.#
#.####.##.#..
####...........#
#.........##.###
#.######### #
#.# #<# #.#


You could see an orc priest.

Vanquished Creatures
  2 adders (D:2)
  2 worms (D:3)
  4 orcs
  3 endoplasms
  A giant cockroach (D:2)
  5 goblins
  4 hobgoblins
  4 jackals (D:1)
  2 quokkas
  3 ball pythons
  9 bats
  4 frilled lizards
  4 kobolds
  5 rats
52 creatures vanquished.

Vanquished Creatures (others)
  An orc wizard (D:4)
  3 withered plants (D:2)
4 creatures vanquished.

Grand Total: 56 creatures vanquished

Notes
Turn   | Place    | Note
-------+----------+-------------------------------------------
     0 | D:1      | Arcadio the Merfolk Artificer began the quest for the Orb.
     0 | D:1      | Reached XP level 1. HP: 15/15 MP: 1/1
   106 | D:1      | Reached skill level 3 in Dodging
   215 | D:1      | Reached XP level 2. HP: 22/22 MP: 2/2
   821 | D:1      | Reached XP level 3. HP: 19/27 MP: 3/3
   919 | D:2      | Reached skill level 4 in Dodging
  1015 | D:2      | You fall into a shaft and drop 1 floor!
  1437 | D:2      | Found a faded altar of an unknown god.
  1785 | D:3      | Reached XP level 4. HP: 34/34 MP: 4/4
  2702 | D:4      | Gained mutation: Your flesh is heat resistant. (rF+)
                  | [potion of mutation]
  2702 | D:4      | Gained mutation: You occasionally lose the ability to drink
                  | potions when taking damage. [potion of mutation]
  2702 | D:4      | Gained mutation: Your body sometimes deteriorates upon
                  | taking damage. [potion of mutation]
  2712 | D:4      | Killed from afar by an orc priest

Illustrated notes

Levels and vault maps discovered:
D:1:      dpeg_arrival_renting, layout_basic
D:2:      layout_loops_ring, ebering_ecumenical_altar_petrified, feat_on_display
D:3:      layout_basic, cheibrodos_sewer_entry_bend, minivault_27
D:4:      layout_loops_ring, grunt_temple_overflow_open

Skill      XL: |  1  2  3  4 |
---------------+-------------+-----
Dodging        | 3 4 |  4.7
Fighting       | 2 3 |  3.3
Armour         | |  0.6
Stealth        | |  1.1
Evocations     | |  3.0

Action                     |  1- 3 |  4- 6 || total
---------------------------+-------+-------++-------
  Melee: Club              |    17 |       ||    17
         Dagger            |   173 |   116 ||   289
         Punch             |     2 |     2 ||     4
         Tailslap          |       |     5 ||     5
    Use: Scroll            |     3 |       ||     3
         Potion            |       |     4 ||     4
   Stab: Sleeping          |     3 |       ||     3
 Armour: Leather armour    |    60 |    13 ||    73
         Skin              |       |     7 ||     7
  Dodge: Dodged            |   172 |    60 ||   232
